 Dungeon Crawl Stone Soup version 0.18-a0-1643-gb89d9db (webtiles) character file.

3208 4thArraOfDagon the Basher (level 9, -2/100 HPs)
             Began as an Ogre Hunter on Mar 28, 2016.
             Was a Believer of Makhleb.
             Slain by a troll (14 damage)
             ... on level 11 of the Dungeon.
             The game lasted 00:19:44 (3342 turns).

4thArraOfDagon the Basher (Ogre Hunter)             Turns: 3342, Time: 00:19:44

Health: -2/100     AC:  4    Str: 19    XL:     9   Next: 97%
Magic:  11/11      EV: 11    Int: 13    God:    Makhleb [**....]
Gold:   230        SH:  0    Dex: 10    Spells: 0 memorised, 8 levels left

rFire  . . .     SeeInvis .     c - +1 giant club
rCold  . . .     Gourm    .     b - +0 robe
rNeg   . . .     Faith    .     (shield currently unavailable)
rPois  .         Spirit   .     (helmet restricted)
rElec  .         Dismiss  .     n - +0 cloak
rCorr  .         Reflect  .     (gloves unavailable)
SustAt +         Harm     .     (boots unavailable)
MR     .....                    (no amulet)
Stlth  +.........               (no ring)
                                v - ring of sustain attributes

@: not resistant to hostile enchantments, very unstealthy
A: unfitting armour, tough skin 1
a: Minor Destruction, Renounce Religion


You were on level 11 of the Dungeon.
You worshipped Makhleb.
Makhleb was pleased with you.
You were not hungry.

You visited 1 branch of the dungeon, and saw 11 of its levels.
You also visited: Ossuary and Bailey.

You collected 335 gold pieces.
You spent 105 gold pieces at shops.

Inventory:

Hand Weapons
 c - a +1 giant club (weapon)
 d - the +8 falchion "Spiderbane" {freeze, rF+ Stlth+}
   (You found it on level 6 of the Dungeon)

   It has been specially enchanted to freeze those struck by it, causing extra
   injury to most foes and up to half again as much damage against particularly
   susceptible opponents.
   It can also slow down cold-blooded creatures.
   It protects you from fire.
   It makes you more stealthy.
 e - a +0 morningstar
 p - the +4 whip "Maesoahy" {slash, rC+ Str+2}
   (You found it on level 4 of the Dungeon)

   It inflicts extra damage upon your enemies.
   It affects your strength (+2).
   It protects you from cold.
Missiles
 x - 4 javelins (quivered)
Armour
 b - a +0 robe (worn)
 n - a +0 cloak (worn)
Magical Staves
 l - an uncursed staff of fire {unknown}
 E - a cursed staff of poison {unknown}
 F - an uncursed staff of wizardry {unknown}
Jewellery
 v - a ring of sustain attributes (left hand)
Wands
 a - a wand of acid (0/15)
 s - a wand of acid (3/15)
 y - a wand of acid (4/15)
Scrolls
 m - 3 scrolls of remove curse
 q - a scroll of fog
 t - a scroll of enchant armour
 z - a scroll of recharging
 G - a scroll of magic mapping
Potions
 h - a potion of beneficial mutation
 j - 4 potions of cure mutation
 k - 2 potions of agility {unknown}
 o - 4 potions of curing
 w - a potion of might {unknown}
 B - 4 potions of brilliance {unknown}
 C - a potion of magic {unknown}
 D - a potion of heal wounds
Comestibles
 f - 7 bread rations
 g - 6 chunks of flesh
 i - 12 fruits
 r - 4 meat rations
 A - a beef jerky


   Skills:
 + Level 9.5 Fighting
 * Level 12.1 Maces & Flails
 - Level 4.0 Throwing
 + Level 5.5 Dodging
 - Level 0.7 Stealth
 + Level 3.4 Invocations


You had 8 spell levels left.
You didn't know any spells.

Dungeon Overview and Level Annotations

Branches:
Dungeon (11/15)
 Temple: D:4-7         Lair: D:8-11         Orc: D:9-12

Altars:
Fedhas
Kikubaaqudgha
Makhleb
Nemelex Xobeh
Qazlal
Yredelemnul

Shops:
D:7 ?   D:8 :

Annotations:
D:7 Menkaure
D:10 Psyche


Innate Abilities, Weirdness & Mutations

You are too large for most types of armour.
You have tough skin (AC +1).


Message History

Zapping:
s - a wand of acid (5/15)
Press: ? - help, Shift-Dir - straight line, f - troll
Aim: a troll (heavily wounded)
The bolt of acid hits the troll.
The acid corrodes the troll!
The troll is severely wounded.
This wand has 4 charges left.
The troll bites you!
* * * LOW HITPOINT WARNING * * *
The troll claws you but does no damage. The troll barely misses you.
Unknown command.
Unknown command.
Unknown command.
Unknown command.
Evoke which item? (* to show all) (? for menu, Esc to quit)
Zapping:
s - a wand of acid (4/15)
Press: ? - help, Shift-Dir - straight line, f/p - troll
Aim: a troll (severely wounded, covered in acid)
The bolt of acid hits the troll.
The acid corrodes the troll!
The troll is almost dead.
This wand has 3 charges left.
The troll bites you!
You die...

######.....
#.........#
#.........#
#.........#
#.........
#........
#......T#
#......@#
#.......#
#.......#
........#
..####### .


You could see a troll.

Vanquished Creatures
  A deep elf mage (Bailey)
  A wyvern (D:8)
  Eustachio (D:6)
  A hippogriff (D:10)
  2 phantoms
  An ice beast (D:9)
  A black bear (D:9)
  3 ogres
  3 centaurs
  A crocodile (D:10)
  2 elf zombies (Ossuary)
  2 giant frogs (D:6)
  4 scorpions
  2 howler monkeys
  2 centaur zombies (Ossuary)
  A crimson imp (D:9)
  2 hounds (D:7)
  A human zombie (Ossuary)
  A quasit (D:6)
  3 jellies
  5 orc wizards
  4 iguanas
  3 worker ants
  A big kobold zombie (Ossuary)
  A hound skeleton (D:3)
  3 mummies (Ossuary)
  A howler monkey zombie (D:8)
  2 worker ant zombies
  7 adders
  2 gnolls (D:8)
  2 shadow imps (D:6)
  3 adder zombies
  3 dart slugs
  3 giant geckos
  11 orcs
  5 giant cockroaches
  2 gnoll zombies (Ossuary)
  3 goblins
  2 hobgoblins
  4 jackals (D:10)
  2 kobolds
  2 quokkas
  A ball python (D:6)
  2 bats
  A giant cockroach zombie (D:3)
  A giant newt (D:5)
  3 goblin zombies (Ossuary)
  6 hobgoblin zombies (Ossuary)
  5 jackal zombies
  3 kobold zombies (Ossuary)
  A quokka skeleton (D:5)
  4 quokka zombies (Ossuary)
  3 rats
  A rat zombie (Ossuary)
137 creatures vanquished.

Notes
Turn   | Place    | Note
--------------------------------------------------------------
     0 | D:1      | 4thArraOfDagon the Ogre Hunter began the quest for the Orb.
     0 | D:1      | Reached XP level 1. HP: 22/22 MP: 1/1
    17 | D:1      | BLOAX: https://www.youtube.com/watch?v=fG35KaqgqyE
    31 | D:1      | BLOAX: d e m o l i s h e d
    40 | D:1      | 4thArraOfDagon: pacy
   137 | D:3      | Noticed a worker ant
   141 | D:3      | Killed a worker ant
   141 | D:3      | Reached XP level 2. HP: 26/33 MP: 2/2
   141 | D:3      | Reached XP level 3. HP: 31/40 MP: 3/3
   160 | D:3      | Reached skill level 5 in Fighting
   228 | D:3      | my bad
   251 | D:3      | Reached XP level 4. HP: 39/50 MP: 4/4
   416 | D:4      | Reached skill level 1 in Maces & Flails
   459 | D:4      | Noticed an ogre
   462 | D:4      | Killed an ogre
   462 | D:4      | Reached skill level 4 in Maces & Flails
   462 | D:4      | Reached XP level 5. HP: 53/57 MP: 5/5
   470 | D:4      | Got a crystal whip
   471 | D:4      | Identified the +4 whip "Maesoahy" {slash, rC+ Str+2} (You found it on level 4 of the Dungeon)
   481 | D:4      | BLOAX: a giant clubba
   483 | D:5      | Entered Level 5 of the Dungeon
   492 | D:5      | BLOAX: best meme weapon
   751 | D:6      | Reached skill level 5 in Maces & Flails
   753 | D:6      | Reached XP level 6. HP: 53/66 MP: 6/6
   783 | D:6      | Reached skill level 6 in Maces & Flails
   850 | D:7      | Found a sand-covered staircase.
   850 | D:7      | Found a blossoming altar of Fedhas.
   850 | D:7      | Noticed an ice beast
   914 | D:7      | Found Lainkil's Magic Scroll Emporium.
   940 | D:7      | Bought a scroll of enchant armour for 105 gold pieces
   999 | D:7      | Noticed Menkaure
  1028 | Ossuary  | Entered an ossuary
  1179 | Ossuary  | 4thArraOfDagon: *** piety wasted
  1180 | Ossuary  | Reached XP level 7. HP: 35/75 MP: 7/7
  1215 | Ossuary  | Reached skill level 7 in Maces & Flails
  1373 | D:7      | FORGOT
  1477 | D:5      | Reached skill level 8 in Maces & Flails
  1537 | D:6      | Got a bloodstained falchion
  1639 | D:4      | Reached XP level 8. HP: 45/84 MP: 8/8
  1695 | D:4      | Found a stormy altar of Qazlal.
  1696 | D:4      | Found a sparkling altar of Nemelex Xobeh.
  1698 | D:4      | Found a basalt altar of Yredelemnul.
  1700 | D:4      | Found an ancient bone altar of Kikubaaqudgha.
  1701 | D:4      | Found a burning altar of Makhleb.
  1703 | D:4      | MEH
  1711 | D:4      | Became a worshipper of Makhleb the Destroyer
  2027 | D:4      | Reached skill level 9 in Maces & Flails
  2140 | D:6      | Noticed Eustachio
  2141 | D:6      | Identified the +8 falchion "Spiderbane" {freeze, rF+ Stlth+} (You found it on level 6 of the Dungeon)
  2156 | D:6      | 4thArraOfDagon: refusing to rest between battles
  2156 | D:6      | 4thArraOfDagon: and stairdancing every single opponent
  2156 | D:6      | 4thArraOfDagon: should be rewarded
  2182 | D:6      | Killed Eustachio
  2233 | D:6      | Reached * piety under Makhleb
  2346 | D:6      | Reached skill level 10 in Maces & Flails
  2401 | D:6      | BLOAX: okawaru likes speedrunners
  2463 | D:6      | BLOAX: unfortunately chokowaru kind of implies your character is stronk to speedrun
  2474 | D:7      | Reached XP level 9. HP: 82/97 MP: 9/9
  2610 | D:8      | Reached skill level 1 in Invocations
  2669 | D:8      | Found a flagged portal.
  2682 | Bailey   | Entered a bailey
  2689 | Bailey   | Noticed a deep elf mage
  2706 | Bailey   | Killed a deep elf mage
  2706 | Bailey   | Reached skill level 11 in Maces & Flails
  2706 | Bailey   | Reached skill level 5 in Dodging
  2718 | Bailey   | Noticed a deep elf mage
  2722 | Bailey   | Noticed a deep elf mage
  2835 | D:8      | Reached ** piety under Makhleb
  2863 | D:8      | Found Baumasch's Book Emporium.
  2868 | D:8      | book
  3216 | D:10     | Entered Level 10 of the Dungeon
  3232 | D:10     | Noticed Psyche
  3240 | D:9      | Reached skill level 12 in Maces & Flails
  3338 | D:11     | Noticed a troll
  3342 | D:11     | Slain by a troll

Vault maps used:
D:1:      dpeg_arrival_stonehenge_12_columns
D:3:      first_bread
D:4:      grunt_temple_overflow_open
D:5:      minmay_temple_entry_statues, kennysheep_cross_bottleneck,
          minmay_misc_feat_x
D:6:      uniq_eustachio
D:7:      kennysheep_little_box, fedhas_bush_and_centaur_altar,
          nicolae_ossuary_entry_ruins, serial_shops, nicolae_shop_stone,
          uniq_menkaure
D:8:      gammafunk_temple_overflow_wave, serial_shops, nicolae_shop_crystal,
          enter_bailey_7
D:9:      serial_corexii_hall, corexii_hall_statues_l, corexii_hall_statues_x
D:10:     minmay_orc_entry_temple_small, serial_shops, kennysheep_mini,
          hangedman_tree_tricks, uniq_sonja, uniq_psyche, uniq_snorg
D:11:     lair_0_dummy, uniq_fannar, uniq_grum
Ossuary:  minmay_ossuary_two_tombs
Bailey:   bailey_polearm_3, bailey

Skill      XL: |  1  2  3  4  5  6  7  8  9 |
---------------+----------------------------+-----
Fighting       | 4 5 6 8 9 |  9.5
Maces & Flails | 4 5 6 8 10 12 | 12.1
Dodging        | 2 3 4 5 |  5.5
Invocations    | 3 |  3.4
Throwing       | |  4.0
Stealth        | |  0.7

Action                   |  1- 3 |  4- 6 |  7- 9 || total
-------------------------+-------+-------+-------++-------
Melee: Short sword       |    19 |     2 |       ||    21
       Club              |       |     4 |       ||     4
       Whip              |       |   100 |   240 ||   340
       Falchion          |       |       |     5 ||     5
       Giant club        |       |       |    54 ||    54
Throw: Large rock        |    11 |    14 |    36 ||    61
       Throwing net      |     3 |       |     5 ||     8
Evoke: Wand              |       |       |     9 ||     9
  Use: Scroll            |       |     8 |     7 ||    15
       Potion            |       |       |     7 ||     7
 Stab: Sleeping          |       |       |     2 ||     2
  Eat: Royal jelly       |       |       |     1 ||     1
       Fruit             |       |       |     1 ||     1
       Chunk             |       |       |     6 ||     6
